 Dungeon Crawl Stone Soup version 0.18-a0-327-gb1de508 (webtiles) character file.

22 Duffy the Chucker (level 2, 0/27 HPs)
             Began as a Naga Hunter on Nov 27, 2015.
             Slain by a jackal (1 damage)
             ... on level 1 of the Dungeon.
             The game lasted 00:01:01 (1119 turns).

Duffy the Chucker (Naga Hunter)                     Turns: 1119, Time: 00:01:02

Health: 0/27       AC:  2    Str: 14    XL:     2   Next: 91%
Magic:  2/2        EV:  8    Int: 11    God:
Gold:   89         SH:  3    Dex: 11    Spells: 0 memorised, 1 level left

rFire  . . .     SeeInvis +     a - +0 short sword
rCold  . . .     Clarity  .     b - +0 leather armour
rNeg   . . .     SustAt   .     j - +0 buckler
rPois  +         Gourm    .     (no helmet)
rElec  .         Spirit   .     (no cloak)
rCorr  .         Warding  .     (no gloves)
rMut   .         Stasis   .     (no barding)
MR     .....                    (no amulet)
Stlth  ++........               (no ring)
                                (no ring)

@: very slow, not resistant to hostile enchantments, unstealthy
A: see invisible, deformed body, poison resistance, slowness 2, slow metabolism
1, spit poison 2, AC +0
a: Spit Poison


You were on level 1 of the Dungeon.
You were hungry.

You visited 1 branch of the dungeon, and saw 1 of its levels.

You collected 89 gold pieces.


Innate Abilities, Weirdness & Mutations

You cannot wear boots.
Your serpentine skin is tough (AC +0).
You have supernaturally acute eyesight.
Armour fits poorly on your strangely shaped body.
Your system is resistant to poisons.
You cover ground very slowly.
You have a slow metabolism.
You can spit poison.


   Skills:
 + Level 2.7 Fighting
 - Level 4.0 Throwing
 - Level 1.5 Dodging
 - Level 1.5 Stealth


You had one spell level left.
You didn't know any spells.

Inventory:

Hand Weapons
 a - a +0 short sword (weapon)
Missiles
 c - 6 javelins (quivered)
 d - 2 throwing nets
Armour
 b - a +0 leather armour (worn)
 j - a +0 buckler (worn)
Scrolls
 f - 3 scrolls of identify {unknown}
 g - a scroll of immolation {unknown}
 h - a scroll of magic mapping {unknown}
 i - a scroll of enchant armour {unknown}
 k - a scroll of random uselessness {unknown}
 l - a scroll of teleportation {unknown}
 m - a scroll of enchant weapon {unknown}
Comestibles
 e - a bread ration

Dungeon Overview and Level Annotations

Branches:
Dungeon (1/15)

Altars:


Message History

You are too injured to fight recklessly!
You are too injured to fight recklessly!
You are too injured to fight recklessly!
You are too injured to fight recklessly!
You are too injured to fight recklessly!
You are too injured to fight recklessly!
You are too injured to fight recklessly!
You are too injured to fight recklessly!
You are too injured to fight recklessly!
You are too injured to fight recklessly!
The jackal bites you.
The jackal bites you but does no damage.
You block the jackal's attack.
Press: ? - help, Shift-Dir - straight line, f - jackal
Aim: a jackal The splash of poison hits the jackal.
The jackal appears unharmed.
You feel slightly more hungry. The jackal bites you.
The jackal bites you but does no damage.
You hit the jackal but do no damage. The jackal bites you.
You hit the jackal.
The jackal is moderately wounded.
You have got your breath back.
The jackal barely misses you. x2
You closely miss the jackal.
The jackal is moderately wounded.
The jackal bites you but does no damage.
The jackal bites you.
You hit the jackal but do no damage.
The jackal is moderately wounded.
The jackal bites you.
You hit the jackal but do no damage.
The jackal bites you but does no damage. x2
You hit the jackal but do no damage. The jackal bites you.
You closely miss the jackal. The jackal bites you. The jackal bites you.
You die...

##.....##.........
#.......'.........
#.......#.........
#.......##.......#
#..)...# ##.....##
#.###.#...##
##...##
#....h....#
####'##
#####h##### #....#
#@# #.##.#
#####.#####
##.##.##
#.........#
#......###
#.###.###.#
#......... #.#
#.###.###..#...###
#.#
#..........##.##
#.#
#####.####.##.# #
#.# #.# #....# #
#%#######.# ####.#
#


You could see 2 jackals.

Action                   || total
-------------------------++-------
Melee: Short sword       ||    61
 Abil: Spit Poison       ||    10

Notes
Turn   | Place    | Note
--------------------------------------------------------------
     0 | D:1      | Duffy the Naga Hunter began the quest for the Orb.
     0 | D:1      | Reached XP level 1. HP: 19/19 MP: 1/1
   450 | D:1      | Reached skill level 4 in Throwing
   450 | D:1      | Reached XP level 2. HP: 12/26 MP: 2/2
  1119 | D:1      | Slain by a jackal

Vault maps used:
D:1:      nicolae_arrival_washed_ashore, minmay_newt_pond

Vanquished Creatures
  2 ball pythons
  2 hobgoblins
  A jackal
  3 kobolds
  4 bats
  4 giant newts
  A goblin
  5 rats
22 creatures vanquished.
